 Dungeon Crawl Stone Soup version 0.23.2-1-ga50397a (webtiles) character file.

Game seed: 17334854483102849556

9946 MajorAdolf the Fighter (level 11, -3/159 HPs)
             Began as a Naga Wanderer on Apr 25, 2019.
             Was a Follower of Makhleb.
             Killed by divine providence
             ... invoked by an orc priest
              (12 damage)
             ... on level 10 of the Dungeon.
             The game lasted 00:30:53 (12664 turns).

MajorAdolf the Fighter (Naga Wanderer)             Turns: 12664, Time: 00:30:53

Health: -3/159     AC: 25    Str: 19    XL:     11   Next: 54%
Magic:  14/14      EV:  1    Int: 15    God:    Makhleb [*.....]
Gold:   511        SH: 10    Dex: 11    Spells: 10/10 levels left

rFire    . . .     SeeInvis +   i - +10 war axe of the Pit {chop, MR+ Int+4 Dex-5}
rCold    . . .     Gourm    .   p - +0 shield
rNeg     + + +     Faith    .   (armour currently unavailable)
rPois    +         Spirit   .   (helmet currently unavailable)
rElec    .         Reflect  .   (cloak currently unavailable)
rCorr    .         Harm     .   (gloves currently unavailable)
MR       +++++     Clarity  +   (no barding) Stlth +++.......NoTele +
                                E - amulet of the Four Winds {rN+ MR+++ Clar}
HPRegen  0.36/turn              a - ring of positive energy
MPRegen  0.14/turn              (no ring)

@: agile, short of breath, tree-form
A: large, see invisible, slow metabolism 1, spit poison 1, AC +3
a: Spit Poison, Renounce Religion


You were on level 10 of the Dungeon.
You worshipped Makhleb.
Makhleb was aware of your devotion.
You were not hungry.
You were a tree.
You visited 2 branches of the dungeon, and saw 11 of its levels.

You collected 697 gold pieces.
You spent 186 gold pieces at shops.

Inventory:

Hand Weapons
 i - the +10 war axe of the Pit (weapon) {chop, MR+ Int+4 Dex-5}
   (You found it on level 5 of the Dungeon)

   It inflicts extra damage upon your enemies.
   It affects your intelligence (+4).
   It affects your dexterity (-5).
   It affects your resistance to hostile enchantments.
 m - the +7 trident "Famur" {venom, +Fly rPois Str-2, unknown}
   (You found it on level 5 of the Dungeon)

   It poisons the flesh of those it strikes.
   It affects your strength (-2).
   It protects you from poison.
   It lets you fly.
Armour
 d - a +0 robe
 l - a +4 plate armour (melded)
 p - a +0 shield (worn)
 s - a +0 ring mail
 K - a +0 helmet (melded)
Jewellery
 a - a ring of positive energy (left branch)
 E - the amulet of the Four Winds (around neck) {rN+ MR+++ Clar}
   (You found it on level 8 of the Dungeon)

   [amulet of nothing]

   It protects you from negative energy.
   It affects your resistance to hostile enchantments.
   It protects you against confusion.
Wands
 A - a wand of clouds (3)
 F - a wand of flame (28)
 I - a wand of iceblast (7)
Scrolls
 e - 6 scrolls of fear
 k - 2 scrolls of magic mapping
 r - a scroll of amnesia
 u - 2 scrolls of teleportation
 y - 3 scrolls of enchant weapon
 z - 2 scrolls of enchant armour
 C - a scroll of blinking
 G - a scroll of immolation {unknown}
 H - 2 scrolls of identify
 J - a scroll of remove curse
Potions
 b - 3 potions of curing
 f - 3 potions of mutation {unknown}
 h - a potion of might
 j - 2 potions of heal wounds {unknown}
 o - a potion of flight {unknown}
 q - 2 potions of berserk rage
 t - 2 potions of agility
 v - 2 potions of magic {unknown}
 w - a potion of invisibility {unknown}
 x - a potion of resistance {unknown}
 B - a potion of brilliance {unknown}
 D - a potion of ambrosia {unknown}
Comestibles
 g - 23 rations
 n - 5 chunks of flesh


   Skills:
 + Level 9.5 Fighting
 + Level 9.5 Axes
 + Level 7.8 Armour
 - Level 3.0 Stealth
 + Level 6.1 Shields
 - Level 2.0 Unarmed Combat
 + Level 5.0 Invocations
 - Level 1.0 Evocations


You had 10 spell levels left.
You didn't know any spells.
Your spell library contained the following spells:

 Spells                   Type           Power        Failure   Level  Hunger
 Summon Butterflies       Summ           #.......     45%         1    ##.....
 Call Canine Familiar     Summ           #.......     83%         3    ####...
 Summon Ice Beast         Ice/Summ       #.......     99%         4    #####..
 Summon Mana Viper        Hex/Summ       #.......     100%        5    ######.
 Summon Hydra             Summ           #.........   100%        7    #######


Dungeon Overview and Level Annotations

Branches:
Dungeon (10/15)            Temple (1/1) D:6            Lair (0/6) D:9
    Orc: D:9-12

Altars:
Ashenzari
Cheibriados
Dithmenos
Elyvilon
Fedhas
Gozag
Hepliaklqana
Kikubaaqudgha
Makhleb
Nemelex Xobeh
Okawaru
Qazlal
Ru
Sif Muna
Trog
Uskayaw
Vehumet
Wu Jian
Xom
Yredelemnul
Zin
The Shining One

Shops:
D:4 ?   D:6 *


Innate Abilities, Weirdness & Mutations

You cannot wear boots.
((Your serpentine skin is tough. (AC +3)))
You have supernaturally acute eyesight. (SInv)
((Armour fits poorly on your strangely shaped body.))
((Your system is resistant to poisons. (rPois)))
((You cover ground very slowly.))
You have a slow metabolism.
You can spit poison.


Message History

The orc priest casts a cantrip, but nothing happens.
The orc warrior hits you but does no damage.
The orc wizard mumbles some strange words.
The orc wizard blinks!
You feel better.
The orc priest mumbles some strange prayers to Beogh against you.
Beogh smites you!
* * * LOW HITPOINT WARNING * * *
You block the orc warrior's attack.
Press: ? - help, Shift-Dir - straight line, f/p - orc warrior
Aim: an orc warrior, wielding a +0 halberd and wearing a +0 chain mail (heavily wounded, poisoned)
The splash of poison hits the orc warrior!
The orc warrior is almost dead.
You feel slightly more hungry.
The orc priest invokes the aid of Beogh against you.
Beogh smites you!
* * * LOW HITPOINT WARNING * * *
The orc priest mumbles some strange prayers to Beogh against you.
Beogh smites you!
You die...

#..##<#.##.# ###.......
#.###...##.# #######.##..
#.#...####.#####.......####
##.#....>.........####### #
##).#...####.####### #
##..##..### #.# ########
#.........# #.# #.......
##.#.....>.# #†# #.......
##..........# #♣# #.......
##...#.......# #[# #.......
.....###########o#####
#....... .....#
#...YooY...#####.......
.....#
#....ooo...............
.....#
#....Yo....############
<....# #.Y........# ######
#Y########## #.


You could see 2 yaks, an orc warrior, 2 orc priests, an orc wizard and 3 orcs.

Vanquished Creatures
  2 two-headed ogres
  An ugly thing (D:9)
  A troll (D:9)
  A polar bear (D:8)
  2 hornets (D:9)
  A hippogriff (D:9)
  11 yaks
  A basilisk (D:9)
  2 hungry ghosts
  A steam dragon (D:10)
  Menkaure (D:7)
  A soldier ant (D:9)
  Duvessa (D:6)
  4 sky beasts
  7 orc warriors
  3 black bears
  2 necrophages
  7 ice beasts
  2 phantoms (D:10)
  An eye of draining (D:9)
  2 ogres
  2 wolves (D:8)
  4 centaurs
  2 crocodiles (D:9)
  4 bullfrogs
  Dowan (D:6)
  A wyvern skeleton (D:8)
  A scorpion (D:10)
  An electric eel (D:10)
  5 howler monkeys
  2 bullfrog zombies
  2 crimson imps
  2 hounds
  2 orc priests
  10 orc wizards
  An iguana (D:6)
  8 worker ants
  A killer bee zombie (D:5)
  A hound zombie (D:5)
  2 hound skeletons
  Robin (D:2)
  A howler monkey zombie (D:6)
  A worker ant zombie (D:8)
  12 adders
  3 shadow imps
  A white imp (D:8)
  An ufetubus (D:8)
  3 oozes
  An adder zombie (D:7)
  3 worms
  11 dart slugs
  8 leopard geckos
  30 orcs
  A ball python (D:2)
  6 giant cockroaches
  4 hobgoblins
  6 jackals
  2 quokkas (D:3)
  7 bats
  5 frilled lizards
  A giant cockroach zombie (D:6)
  15 goblins
  A jackal skeleton (D:5)
  6 kobolds
  8 rats
244 creatures vanquished.

Vanquished Creatures (others)
  6 plants (D:10)
6 creatures vanquished.

Grand Total: 250 creatures vanquished

Notes
Turn   | Place    | Note
-------+----------+-------------------------------------------
     0 | D:1      | MajorAdolf the Naga Wanderer began the quest for the Orb.
     0 | D:1      | MajorAdolf set off with the following items: a +0 club, a
                  | potion of curing, a potion of lignification, a +0 robe, 2
                  | scrolls of fear, a +0 dagger, a ration
     0 | D:1      | Reached XP level 1. HP: 25/25 MP: 1/1
   670 | D:1      | Reached XP level 2. HP: 31/32 MP: 2/2
   727 | D:1      | Reached skill level 1 in Axes
  1494 | D:2      | Reached XP level 3. HP: 39/39 MP: 3/3
  1629 | D:2      | Reached skill level 1 in Armour
  1964 | D:2      | Reached XP level 4. HP: 46/46 MP: 4/4
  1987 | D:2      | Noticed Robin
  2163 | D:2      | Killed Robin
  2818 | D:3      | Reached XP level 5. HP: 45/52 MP: 5/5
  3927 | D:4      | Found Saughut's Magic Scroll Emporium.
  4008 | D:4      | Noticed an ogre
  4016 | D:4      | Killed an ogre
  4016 | D:4      | Reached XP level 6. HP: 52/61 MP: 6/6
  4072 | D:4      | Bought a scroll of enchant armour for 82 gold pieces
  4072 | D:4      | Bought a scroll of enchant armour for 82 gold pieces
  4072 | D:4      | Bought a scroll of identify for 22 gold pieces
  4632 | D:5      | Entered Level 5 of the Dungeon
  4649 | D:5      | Got a transparent war axe
  4660 | D:5      | Identified the +10 war axe of the Pit {chop, MR+ Int+4
                  | Dex-5} (You found it on level 5 of the Dungeon)
  4675 | D:5      | Found a basalt altar of Yredelemnul.
  4715 | D:5      | Noticed a sky beast
  4721 | D:5      | Killed a sky beast
  4721 | D:5      | Reached skill level 5 in Axes
  4721 | D:5      | Reached XP level 7. HP: 67/67 MP: 7/7
  4801 | D:5      | Found a deep blue altar of Sif Muna.
  4962 | D:5      | Found a shimmering altar of Xom.
  4973 | D:5      | Found a shimmering altar of Xom.
  4975 | D:5      | Found a shimmering altar of Xom.
  4975 | D:5      | Found a shimmering altar of Xom.
  4975 | D:5      | Found a shimmering altar of Xom.
  4976 | D:5      | Found a shimmering altar of Xom.
  4976 | D:5      | Found a shimmering altar of Xom.
  4978 | D:5      | Got a fine trident
  5148 | D:6      | Found a staircase to the Ecumenical Temple.
  5275 | Temple   | Entered the Ecumenical Temple
  5658 | D:6      | Reached XP level 8. HP: 71/76 MP: 8/8
  5710 | D:6      | Found Vedigiff's Lightly-Used Armoury.
  5821 | D:6      | Noticed Duvessa
  5821 | D:6      | Noticed Dowan
  5836 | D:6      | Killed Duvessa
  5843 | D:6      | Killed Dowan
  5918 | D:6      | Reached skill level 1 in Shields
  6484 | D:6      | Reached skill level 5 in Armour
  7474 | D:7      | Reached XP level 9. HP: 79/85 MP: 9/9
  7752 | D:7      | Noticed Menkaure
  7755 | D:8      | Found a white marble altar of Elyvilon.
  8147 | D:7      | Killed Menkaure
  8949 | D:8      | Found the amulet of the Four Winds {rN+ MR+++ Clar}
  9410 | D:8      | Noticed a polar bear
  9423 | D:8      | Killed a polar bear
  9426 | D:8      | Reached XP level 10. HP: 70/96 MP: 10/10
  9613 | D:8      | Found a sparkling altar of Nemelex Xobeh.
  9620 | D:8      | Found a burning altar of Makhleb.
  9620 | D:8      | Found a hazy altar of Hepliaklqana.
  9620 | D:8      | Found a glowing silver altar of Zin.
  9623 | D:8      | Found an opulent altar of Gozag.
  9630 | D:8      | Found a hide-covered altar of Uskayaw.
  9632 | D:8      | Found a blossoming altar of Fedhas.
  9639 | D:8      | Became a worshipper of Makhleb the Destroyer
 10144 | D:9      | Noticed a two-headed ogre
 10154 | D:9      | Killed a two-headed ogre
 10154 | D:9      | Reached skill level 1 in Invocations
 10484 | D:9      | Reached skill level 5 in Shields
 10578 | D:9      | Paralysed by a hornet for 3 turns
 10944 | D:9      | Found a staircase to the Lair.
 10959 | D:9      | Noticed a cyan ugly thing
 10975 | D:9      | Killed a cyan ugly thing
 10975 | D:9      | Reached XP level 11. HP: 46/106 MP: 13/13
 11402 | D:9      | Got a smoking helmet
 11408 | D:9      | Identified the cursed +0 helmet of the Moon Troll {rPois
                  | Str+4 Dex-4} (You found it on level 9 of the Dungeon)
 11717 | D:10     | Entered Level 10 of the Dungeon
 12282 | D:10     | Noticed a two-headed ogre
 12516 | D:10     | Killed a two-headed ogre
 12600 | D:10     | Reached * piety under Makhleb
 12642 | D:10     | Reached skill level 5 in Invocations
 12664 | D:10     | Killed from afar by an orc priest

Skill      XL: |  1  2  3  4  5  6  7  8  9 10 11 |
---------------+----------------------------------+-----
Axes           | 1 2 3 4 5 6 7 9 |  9.5
Armour         | 1 2 3 4 5 6 7 |  7.8
Fighting       | 6 8 9 |  9.5
Shields        | 2 4 5 6 |  6.1
Invocations    | 3 5 |  5.0
Stealth        | |  3.0
Unarmed Combat | |  2.0
Evocations     | |  1.0

Action                   |  1- 3 |  4- 6 |  7- 9 | 10-12 || total
-------------------------+-------+-------+-------+-------++-------
Melee: Dagger            |     8 |       |       |       ||     8
       Hand axe          |    48 |   148 |       |       ||   196
       Punch             |       |     3 |       |       ||     3
       War axe           |       |     3 |   220 |   214 ||   437
 Abil: Spit Poison       |    25 |    25 |    13 |    10 ||    73
  Use: Scroll            |       |    17 |     2 |     3 ||    22
       Potion            |       |       |       |     6 ||     6
  Eat: Chunk             |     3 |     9 |    10 |    10 ||    32
       Ration            |       |       |     1 |       ||     1
Armor: Robe              |     3 |       |       |       ||     3
       Plate armour      |    19 |    32 |   147 |   109 ||   307
       Ring mail         |     9 |    50 |       |       ||    59
       Skin              |       |       |       |    19 ||    19
Dodge: Dodged            |    28 |    54 |    23 |    16 ||   121
Block: Shield            |       |       |    72 |    92 ||   164
